 Dungeon Crawl Stone Soup version 0.27-a0-74-gebd156f8b4 (console) character file.

Game seed: 8375388565463273682

3007 om the Covert (level 9, -8/58 HPs)
             Began as a Vampire Enchanter on Jan 8, 2021.
             Was a Priest of Makhleb.
             Killed by divine providence
             ... invoked by an orc priest
              (12 damage)
             ... on level 7 of the Dungeon on Jan 11, 2021.
             The game lasted 00:33:11 (9227 turns).

om the Covert (Vampire Enchanter)                   Turns: 9227, Time: 00:33:11

Health: -8/58      AC:  9    Str:  9    XL:     9   Next: 54%
Magic:  8/14       EV: 18    Int: 18    God:    Makhleb [***...]
Gold:   66         SH:  0    Dex: 15    Spells: 0/14 levels left

rFire    . . .     SeeInvis +   a - +2 dagger
rCold    . . .     Faith    +   (no shield)
rNeg     . . .     Spirit   .   f - +3 leather armour {Will+}
rPois    .         Reflect  .   (no helmet)
rElec    .         Harm     .   c - +2 cloak
rCorr    .         Rampage  .   (no gloves)
Will     ++...                  (no boots)
Stlth    ++++......             z - amulet of faith
HPRegen  0.39/turn              C - ring of willpower
MPRegen  0.14/turn              (no ring)

@: marked, regenerating quickly
A: fangs 3, see invisible, unbreathing
a: Exsanguinate, Renounce Religion, Minor Destruction, Lesser Servant of Makhleb


You were on level 7 of the Dungeon.
You worshipped Makhleb.
Makhleb was most pleased with you.
You visited 1 branch of the dungeon, and saw 7 of its levels.
You also visited: Ossuary.

You collected 346 gold pieces.
You spent 280 gold pieces at shops.

Inventory:

Hand Weapons
 a - a +2 dagger (weapon)
Armour
 b - a +0 robe
 c - a +2 cloak (worn)
 f - a +3 leather armour of willpower (worn)
Jewellery
 z - an amulet of faith (around neck)
 B - an uncursed amulet of the acrobat {unknown}
 C - a ring of willpower (left hand)
Wands
 e - a wand of flame (18)
 t - a wand of random effects (22)
Scrolls
 d - 2 scrolls of magic mapping
 h - 2 scrolls of fog
 i - 2 scrolls of remove curse {unknown}
 k - a scroll of enchant weapon
 o - 2 scrolls of immolation {unknown}
 q - a scroll of amnesia {unknown}
 r - a scroll of noise {unknown}
 s - a scroll of teleportation {unknown}
 u - a scroll of enchant armour {unknown}
 v - 2 scrolls of random uselessness {unknown}
 x - 3 scrolls of identify
 y - a scroll of blinking {unknown}
Potions
 g - a potion of haste
 j - 4 potions of curing
 m - 3 potions of invisibility
 n - 5 potions of lignification
 p - a potion of flight
 w - a potion of ambrosia
 A - a potion of might


   Skills:
 + Level 0.8 Fighting
 * Level 6.3 Short Blades
 * Level 1.1 Armour
 * Level 10.1 Dodging
 * Level 10.4 Stealth
 * Level 3.4 Spellcasting
 + Level 6.2 Hexes


You couldn't memorise any spells.
You knew the following spells:

 Your Spells              Type           Power        Failure   Level
a - Corona                Hex            27%          1%          1
b - Ensorcelled Hibernat  Hex/Ice        28%          9%          2
c - Confusing Touch       Hex            25%          4%          3
d - Tukima's Dance        Hex            25%          4%          3
e - Dazzling Flash        Conj/Hex       28%          19%         3
f - Slow                  Hex            25%          2%          2

Your spell library contained the following spells:

 Spells                   Type           Power        Failure   Level
 Magic Dart               Conj           12%          22%         1
 Blink                    Tloc           N/A          32%         2
 Call Imp                 Summ           3%           32%         2
 Conjure Flame            Conj/Fire      3%           54%         3
 Mephitic Cloud           Conj/Pois/Air  3%           54%         3


Dungeon Overview and Level Annotations

Branches:
Dungeon (7/15)             Temple (0/1) D:6         Ossuary (visited)

Altars:
Dithmenos
Elyvilon
Fedhas
Hepliaklqana
Kikubaaqudgha
Makhleb
Okawaru
Trog
Uskayaw
Yredelemnul
The Shining One

Shops:
D:4 (   D:6 :

Annotations:
D:7 Harold, Prince Ribbit


Innate Abilities, Weirdness & Mutations

Your natural rate of healing is unusually fast.
You have razor-sharp teeth.
You have supernaturally acute eyesight. (SInv)
You can survive without breathing.


Message History

* * * LOW HITPOINT WARNING * * *
As you read the scroll of fear, it crumbles to dust.
You assume a fearsome visage.
Harold looks frightened!
The orc wizard looks frightened!
The orc looks frightened! x2
The orc priest looks frightened!
The adder looks frightened!
The centaur looks frightened!
The centaur howls in fear.
The adder is no longer blind.
The orc priest is no longer blind.
The orc priest hits you with a +1 vorpal trident.
* * * LOW HITPOINT WARNING * * *
x2 You barely miss the orc priest.
Your attack snaps the orc priest out of its fear.
The orc priest is almost dead.
The orc priest casts a cantrip, but nothing happens.
You completely miss the orc priest.
The orc priest is almost dead.
The orc priest hits you with a +1 vorpal trident.
* * * LOW HITPOINT WARNING * * *
x2 The orc priest mumbles some strange prayers to Beogh against you.
Beogh smites you!
You die...

... ... ..... ## ### ###+#...
... ##.######. #.....#### ....
#o........ +.....#...
...@.#.(o...... #.....#...
.....'.(.o..... #.....#...
....##'###########+#.....###.
........o.............#######.
..........o..@........'.....'.
.............†........#.....#.
...c.......(..........#.##.###
##'#####'#######....###.##.###
... .... #....#......... ..
...... #....#.........
......[.. #.[..#.........
......... #....#.........
.........< #......... #######
##########


You could see an orc priest and an orc wizard.

Vanquished Creatures
  Joseph (D:7)
  Sigmund (D:3)
  2 orc warriors (D:6)
  An ice beast (D:5)
  2 ogres
  A big kobold (D:6)
  4 bullfrogs
  2 scorpions
  4 wights (D:6)
  2 vampire bats (D:2)
  A howler monkey (D:4)
  A centaur zombie (Ossuary)
  6 hounds
  Crazy Yiuf (D:3)
  2 orc priests
  4 iguanas
  5 orc wizards
  5 worker ants
  A killer bee zombie (Ossuary)
  A hound zombie (Ossuary)
  13 mummies (Ossuary)
  A howler monkey zombie (Ossuary)
  4 worker ant zombies (Ossuary)
  7 gnolls
  7 adders
  2 shadow imps
  A white imp (D:5)
  2 oozes
  2 ufetubi
  2 adder skeletons
  3 adder zombies (Ossuary)
  A dart slug (D:2)
  9 leopard geckos
  21 orcs
  2 ball pythons
  A bat skeleton (D:2)
  3 bat zombies (D:2)
  4 giant cockroaches
  12 goblins
  5 hobgoblins
  16 jackals
  10 kobolds
  2 quokkas
  5 bats
  3 frilled lizards
  A jackal zombie (Ossuary)
  2 leopard gecko zombies (Ossuary)
  A quokka zombie (Ossuary)
  10 rats
199 creatures vanquished.

Vanquished Creatures (collateral kills)
  A wight (D:6)
  A gnoll (D:4)
2 creatures vanquished.

Vanquished Creatures (others)
  An orc (D:7)
  A kobold (D:6)
  8 withered plants (Ossuary)
10 creatures vanquished.

Grand Total: 211 creatures vanquished

Notes
Turn   | Place    | Note
-------+----------+-------------------------------------------
     0 | D:1      | om the Vampire Enchanter began the quest for the Orb.
     0 | D:1      | Reached XP level 1. HP: 13/13 MP: 3/3
   141 | D:1      | Reached XP level 2. HP: 9/19 MP: 1/5
   213 | D:1      | You fall into a shaft and drop 1 floor!
   225 | D:2      | Learned a level 2 spell: Ensorcelled Hibernation
   362 | D:2      | Found a faded altar of an unknown god.
   468 | D:2      | Reached XP level 3. HP: 22/24 MP: 3/6
  1144 | D:2      | Found an ancient bone altar of Kikubaaqudgha.
  1258 | D:1      | Learned a level 3 spell: Confusing Touch
  1292 | D:2      | Reached skill level 5 in Stealth
  1292 | D:2      | Reached skill level 5 in Hexes
  1292 | D:2      | Reached XP level 4. HP: 20/30 MP: 7/7
  1494 | D:2      | Reached XP level 5. HP: 35/35 MP: 8/8
  1600 | D:2      | Found a shadowy altar of Dithmenos.
  2058 | D:2      | Found an iron altar of Okawaru.
  2099 | D:2      | Found a white marble altar of Elyvilon.
  2302 | D:2      | Found a glowing golden altar of the Shining One.
  2306 | D:2      | Found a hazy altar of Hepliaklqana.
  2366 | D:3      | Found a bloodstained altar of Trog.
  2842 | D:3      | Noticed Sigmund
  2849 | D:3      | Killed Sigmund
  2850 | D:3      | Reached XP level 6. HP: 41/41 MP: 7/10
  3266 | D:3      | Found a runed translucent door.
  3267 | D:3      | Noticed Crazy Yiuf
  3274 | D:3      | Killed Crazy Yiuf
  3513 | D:4      | Found Voggakhi's Weapon Shoppe.
  3797 | D:4      | Reached XP level 7. HP: 39/46 MP: 6/11
  4182 | D:4      | Found a basalt altar of Yredelemnul.
  4182 | D:4      | Found a faded altar of an unknown god.
  4187 | D:4      | Found a hide-covered altar of Uskayaw.
  4189 | D:4      | Found a burning altar of Makhleb.
  4191 | D:4      | Found a faded altar of an unknown god.
  4243 | D:4      | Reached skill level 5 in Short Blades
  4284 | D:4      | Became a worshipper of Makhleb the Destroyer
  4408 | D:5      | Entered Level 5 of the Dungeon
  4411 | D:5      | Reached skill level 5 in Dodging
  5282 | D:5      | Upgraded the game from 0.27-a0-61-g21144fbd99 to
                  | 0.27-a0-74-gebd156f8b4
  5509 | D:5      | Reached XP level 8. HP: 30/52 MP: 0/12
  5708 | D:6      | Found Gebeav's Book Emporium.
  5793 | D:6      | Found a sand-covered staircase.
  5802 | Ossuary  | Entered an ossuary
  5942 | Ossuary  | Reached * piety under Makhleb
  6007 | Ossuary  | Learned a level 3 spell: Tukima's Dance
  6012 | Ossuary  | Learned a level 3 spell: Dazzling Flash
  7170 | D:6      | Reached ** piety under Makhleb
  7618 | D:6      | Reached XP level 9. HP: 57/57 MP: 10/13
  7752 | D:6      | Bought a book of Minor Magic for 280 gold pieces
  7755 | D:6      | Learned a level 2 spell: Slow
  7755 | D:6      | Found a staircase to the Ecumenical Temple.
  7765 | D:6      | Reached skill level 10 in Stealth
  8129 | D:6      | Found a blossoming altar of Fedhas.
  8581 | D:6      | Reached *** piety under Makhleb
  8582 | D:6      | Reached skill level 10 in Dodging
  8877 | D:7      | Noticed Prince Ribbit
  8888 | D:7      | HP: 1/57 [Prince Ribbit (13)]
  9089 | D:7      | Noticed Joseph
  9102 | D:7      | Killed Joseph
  9103 | D:7      | Reached skill level 1 in Armour
  9202 | D:7      | Noticed Harold
  9227 | D:7      | Killed from afar by an orc priest

Illustrated notes

Levels and vault maps discovered:
D:1:      dpeg_arrival_radiant, layout_basic
D:2:      layout_rooms, nicolae_overflow_hidden_temple, marbit_many_paths,
          kennysheep_vampire_church, okawaru_altar_gauntlet_db, minitemple,
          chequers_ecumenical_altar_simple_redux, hangedman_glass_teeth
D:3:      layout_rooms, overflow_temple_1_default, grunt_ministairs_8,
          minmay_strange_pillars, hex_large, uniq_sigmund,
          uniq_crazy_yiuf_cottage
D:4:      layout_basic, chequers_temple_overflow_minitemple, serial_shops,
          nicolae_shop_stone, glass_columns_a
D:5:      layout_gridville
D:6:      layout_layer_cave, kennysheep_little_box, minmay_temple_entry_statues,
          enter_ossuary_2, serial_shops, shop
D:7:      layout_gridville, uniq_joseph, uniq_prince_ribbit1, uniq_harold

Skill      XL: |  1  2  3  4  5  6  7  8  9 |
---------------+----------------------------+-----
Short Blades   | 2 3 4 6 |  6.3
Stealth        | 5 6 7 9 10 | 10.4
Hexes          | 5 6 |  6.2
Dodging        | 3 4 6 9 10 | 10.1
Spellcasting   | 3 |  3.4
Armour         | 1 |  1.1
Fighting       | |  0.8

Action                   |  1- 3 |  4- 6 |  7- 9 || total
-------------------------+-------+-------+-------++-------
Melee: Dagger            |   147 |   224 |   639 ||  1010
       Bite              |    12 |    17 |    56 ||    85
 Cast: Corona            |     9 |       |     1 ||    10
       Ensorcelled Hiber |     7 |    32 |    44 ||    83
       Confusing Touch   |     1 |     2 |    37 ||    40
       Dazzling Flash    |       |       |     7 ||     7
       Tukima's Dance    |       |       |     3 ||     3
       Slow              |       |       |     1 ||     1
 Abil: Exsanguinate      |       |       |     1 ||     1
  Use: Potion            |     1 |       |     3 ||     4
       Scroll            |       |     6 |    10 ||    16
 Stab: Sleeping          |    10 |    24 |    35 ||    69
       Confused          |       |     1 |    27 ||    28
       Distracted        |       |     1 |     2 ||     3
       Invisible         |       |       |     4 ||     4
Armor: Robe              |    42 |    62 |    90 ||   194
       Leather armour    |       |       |     3 ||     3
Dodge: Dodged            |   187 |   239 |   459 ||   885

Table legend: (Time is in decaauts)
 A = Elapsed time spent in this place.
 B = Non-inter-level travel time spent in this place.
 C = Inter-level travel time spent in this place.
 D = Time resting spent in this place.
 E = Time spent auto-exploring this place.
 F = Levels seen in this place.
 G = Mean time per level.
                   A        B        C        D        E       F      G
               +--------+--------+--------+--------+--------+-----+--------+
         Total |   9049 |   8576 |    473 |   2841 |   3322 |   8 | 1131.1 |
       Dungeon |   7966 |   7493 |    473 |   2356 |   3153 |   7 | 1138.0 |
       Ossuary |   1082 |   1082 |      0 |    485 |    169 |   1 | 1082.0 |
               +--------+--------+--------+--------+--------+-----+--------+

Top non-repeatable levels by time:
     D:6: 1918 daAuts
     D:2: 1602 daAuts
     D:5: 1398 daAuts
 Ossuary: 1082 daAuts
     D:3: 1013 daAuts
     D:4: 912 daAuts
     D:1: 848 daAuts
     D:7: 273 daAuts
